 Dungeon Crawl Stone Soup version 0.29.1-2-gbd0b4ee654 (webtiles) character file.

Game seed: 14639545119610754708

375 nshep25 the Shield-Bearer (level 6, -1/53 HPs)
             Began as a Minotaur Fighter on Nov 1, 2022.
             Slain by an orc priest
             ... wielding a +0 hand axe
              (5 damage)
             ... on level 4 of the Dungeon.
             The game lasted 00:05:39 (2605 turns).

nshep25 the Shield-Bearer (Minotaur Fighter)        Turns: 2605, Time: 00:05:41

Health: -1/53      AC: 12    Str: 23    XL:     6   Next: 44%
Magic:  5/5        EV:  3    Int:  5    God:
Gold:   106        SH: 12    Dex:  9    Spells: 5/5 levels left

rFire   . . .      SeeInvis .   a - +0 war axe
rCold   . . .      Faith    .   j - +0 tower shield
rNeg    . . .      Spirit   .   o - +0 plate armour
rPois   .          Reflect  .   (helmet restricted)
rElec   .          Harm     .   w - scarf {repulsion}
rCorr   .          Rampage  .   (no gloves)
Will    .....                   (no boots)
Stlth   ..........              (no amulet)
HPRegen 0.17/turn               (no ring)
MPRegen 0.09/turn               (no ring)

@: lethally poisoned (-1 -> -6), repel missiles
A: horns 2, retaliatory headbutt
a: no special abilities


You were on level 4 of the Dungeon.
You visited 1 branch of the dungeon, and saw 4 of its levels.
You also visited: Sewer.

You collected 106 gold pieces.

Inventory:

Hand Weapons
 a - a +0 war axe (weapon)
Missiles
 q - 4 javelins (quivered)
 B - a throwing net
Armour
 b - a +0 scale mail
 c - a +0 buckler
 j - a +0 tower shield (worn)
 o - a +0 plate armour (worn)
 w - a scarf of repulsion (worn)
Scrolls
 e - a scroll of vulnerability {unknown}
 g - 6 scrolls of identify {unknown}
 h - a scroll of immolation {unknown}
 m - 3 scrolls of butterflies {unknown}
 p - 2 scrolls of summoning {unknown}
 r - a scroll of magic mapping {unknown}
 s - 4 scrolls of enchant weapon {unknown}
 y - a scroll of enchant armour {unknown}
 z - a scroll of noise {unknown}
Potions
 d - a potion of might
 f - a potion of invisibility {unknown}
 i - a potion of mutation {unknown}
 k - 2 potions of haste {unknown}
 l - a potion of flight {unknown}
 n - 2 potions of heal wounds {unknown}
 t - 2 potions of degeneration {unknown}
 u - a potion of curing {unknown}
 v - a potion of brilliance {unknown}
 x - a potion of cancellation {unknown}
 A - a potion of resistance {unknown}


   Skills:
 + Level 4.4 Fighting
 + Level 5.3 Axes
 + Level 0.2 Throwing
 + Level 4.9 Armour
 + Level 0.6 Dodging
 + Level 0.1 Stealth
 * Level 5.8 Shields


You had 5 spell levels left.
You didn't know any spells.
Your spell library contained the following spells:

 Spells                   Type           Power      Damage    Failure   Level
 Sublimation of Blood     Necr           0%         N/A       100%        2
 Petrify                  Tmut/Erth      0%         N/A       100%        4
 Irradiate                Conj/Tmut      0%         3d11      100%        5


Dungeon Overview and Level Annotations

Branches:
Dungeon (4/15)              Sewer (visited)
 Temple: D:4-7

Altars:
Hepliaklqana
Trog

Shops:
D:3 :


Innate Abilities, Weirdness & Mutations

You have a pair of horns on your head.
You reflexively headbutt those who attack you in melee.


Message History

The orc hits you but does no damage.
The orc priest invokes the aid of Beogh against you.
Pain shoots through your body! You block the adder's attack.
You closely miss the adder. You hit the orc priest. You slash the orc!
You kill the orc!
You block the orc's attack. The orc priest barely misses you.
You furiously retaliate!
You headbutt the orc priest. The adder bites you.
You are poisoned.
The adder poisons you! You block the orc priest's attack.
The orc hits you but does no damage.
The iguana bites you but does no damage.
The adder bites you.
You are more poisoned.
The adder poisons you!
You hit the adder.
The adder is heavily wounded.
You barely miss the orc priest. You barely miss the iguana.
You feel very sick.
A ball python comes into view.
You block the adder's attack.
The orc priest mumbles some strange prayers to Beogh against you.
Pain shoots through your body!
* * * LOW HITPOINT WARNING * * *
You block the orc's attack. The iguana bites you!
* * * LOW HITPOINT WARNING * * *
The adder bites you but does no damage.
You barely miss the adder.
The ball python hisses angrily.
Your headbutt misses the adder.
The adder is heavily wounded.
You barely miss the orc priest. You barely miss the iguana.
* * * LOW HITPOINT WARNING * * *
You feel very sick. You block the orc priest's attack.
You block the orc's attack.
The iguana bites you but does no damage.
You block the adder's attack.
A ball python comes into view.
The orc barely misses you.
The orc priest hits you with a +0 hand axe.
You die...

. .## ...# #.. .S
#...## .. ..#
#.#..# ##.###...
#.##.###........
#.##.##...#...#.
#.##.##.>.......
####.##....Soo..##.
#.<........@)......
#..........)l......
#..................
#<.........#.......
#.........###..S...
#.........# ##..##
#.........# .##
#.........# #
##..##..#..


You could see an iguana, an orc priest, an adder, an orc and 2 ball pythons.

Vanquished Creatures
  Sigmund (D:2)
  Pargi (Sewer)
  An orc priest (D:4)
  2 adders
  A gnoll (D:3)
  A worm (D:2)
  2 dart slugs
  6 orcs
  3 endoplasms
  5 giant cockroaches
  4 goblins
  3 hobgoblins
  2 jackals (D:2)
  4 kobolds
  8 quokkas
  5 ball pythons
  6 bats
  3 frilled lizards
  2 rats (D:3)
60 creatures vanquished.

Notes
Turn   | Place    | Note
-------+----------+-------------------------------------------
     0 | D:1      | nshep25 the Minotaur Fighter began the quest for the Orb.
     0 | D:1      | Reached XP level 1. HP: 19/19 MP: 0/0
   113 | D:1      | Found a faded altar of an unknown god.
   160 | D:1      | You fall into a shaft and drop 1 floor!
   213 | D:2      | Reached XP level 2. HP: 25/27 MP: 1/1
   878 | D:1      | Reached XP level 3. HP: 32/33 MP: 2/2
  1226 | D:2      | Noticed Sigmund
  1240 | D:2      | HP: 1/33 [Sigmund/magic dart (5)]
  1241 | D:2      | Killed Sigmund
  1242 | D:2      | Reached skill level 5 in Shields
  1242 | D:2      | Reached XP level 4. HP: 2/40 MP: 3/3
  1242 | D:2      | Reached XP level 5. HP: 2/46 MP: 4/4
  1943 | D:3      | Found a glowing drain.
  1993 | Sewer    | Entered a sewer
  2067 | Sewer    | Noticed Pargi
  2072 | Sewer    | Killed Pargi
  2073 | Sewer    | Reached skill level 5 in Axes
  2073 | Sewer    | Reached XP level 6. HP: 52/53 MP: 5/5
  2158 | D:3      | Found Padavuvo's Book Boutique.
  2386 | D:3      | Found a large runed translucent door.
  2387 | D:3      | Found a large runed translucent door.
  2402 | D:3      | Found a bloodstained altar of Trog.
  2414 | D:3      | Found a hazy altar of Hepliaklqana.
  2605 | D:4      | Slain by an orc priest

Illustrated notes

Levels and vault maps discovered:
D:1:      dpeg_arrival_rhombi, layout_loops_corners, basic_ecumenical_altar
D:2:      layout_rooms, uniq_sigmund
D:3:      layout_basic, jmf_multi_god_temple2, serial_shops, shop_fountains,
          gup_sewer_entry_pipe
D:4:      minmay_chambers_of_threes, layout_rooms, serial_forest,
          infiniplex_forest_straight_2, infiniplex_forest_lined_corner,
          infiniplex_forest_straight_1, infiniplex_forest_clump_small,
          infiniplex_forest_clump_small, infiniplex_forest_clump_medium,
          infiniplex_forest_clump_small

Skill      XL: |  1  2  3  4  5 |
---------------+----------------+-----
Armour         | 4 |  4.9
Shields        | 4 5 |  5.8
Fighting       | 4 |  4.4
Axes           | 4 5 |  5.3
Throwing       | |  0.2
Dodging        | |  0.6
Stealth        | |  0.1

Action                   |  1- 3 |  4- 6 || total
-------------------------+-------+-------++-------
Melee: War axe           |    68 |    71 ||   139
       Headbutt          |     7 |    10 ||    17
Throw: Javelin           |     1 |       ||     1
Armor: Scale mail        |    19 |       ||    19
       Plate armour      |    15 |    51 ||    66
Dodge: Dodged            |    10 |    13 ||    23
Block: Buckler           |     3 |       ||     3
       Tower shield      |    38 |    65 ||   103
